 Dungeon Crawl Stone Soup version 0.28-a0-1213-g0243856f03 (webtiles) character file.

Game seed: 5185653510900036467

360 frimble the Slasher (level 6, 0/44 HPs)
             Began as a Demonspawn Warper on Dec 22, 2021.
             Succumbed to an orc's poison
             ... on level 4 of the Dungeon.
             The game lasted 00:03:59 (4901 turns).

frimble the Slasher (Demonspawn Warper)             Turns: 4901, Time: 00:04:00

Health: 0/44       AC:  4    Str: 17    XL:     6   Next: 38%
Magic:  7/9        EV: 12    Int: 17    God:
Gold:   112        SH:  0    Dex: 12    Spells: 7/9 levels left

rFire   . . .      SeeInvis .   l - +1 rapier
rCold   . . .      Faith    .   (no shield)
rNeg    . . .      Spirit   .   b - +0 leather armour
rPois   .          Reflect  .   n - +0 helmet
rElec   .          Harm     .   (no cloak)
rCorr   .          Rampage  .   (no gloves)
Will    .....                   (no boots)
Stlth   +.........              (no amulet)
HPRegen 0.14/turn               e - +6 ring of strength
MPRegen 0.22/turn               (no ring)

@: lethally poisoned (0 -> -30), on blink cooldown
A: magic regeneration, weakness stinger 1
a: no special abilities


You were on level 4 of the Dungeon.
You visited 1 branch of the dungeon, and saw 4 of its levels.

You collected 112 gold pieces.

Inventory:

Hand Weapons
 a - a +0 falchion
 l - a +1 rapier (weapon)
Missiles
 d - 3 boomerangs of dispersal
 k - 6 poisoned darts (quivered)
Armour
 b - a +0 leather armour (worn)
 h - the +0 buckler "Orylen" {rF+}
   (You found it on level 4 of the Dungeon)

   rF:        It protects you from fire.
 j - a +0 kite shield
 n - a +0 helmet (worn)
Jewellery
 e - a +6 ring of strength (left hand)
Scrolls
 c - a scroll of blinking
 i - 2 scrolls of immolation
 s - 3 scrolls of teleportation
Potions
 f - 2 potions of might {unknown}
 g - a potion of berserk rage {unknown}
 m - a potion of lignification {unknown}
 o - a potion of flight {unknown}


   Skills:
 - Level 2.0 Fighting
 + Level 3.7(4.5) Short Blades
 - Level 3.9(4.6) Long Blades
 - Level 0.8 Throwing
 - Level 0.8 Armour
 - Level 2.5 Dodging
 + Level 1.8 Shields
 - Level 2.0 Spellcasting
 - Level 2.6 Translocations


You had 7 spell levels left.
You knew the following spells:

 Your Spells              Type           Power      Damage    Failure   Level
a - Blink                 Tloc           20%        N/A       12%         2

Your spell library contained the following spells:

 Spells                   Type           Power      Damage    Failure   Level
 Summon Small Mammal      Summ           4%         N/A       22%         1
 Gell's Gravitas          Tloc           10%        N/A       22%         3
 Lesser Beckoning         Tloc           10%        N/A       22%         3
 Teleport Other           Tloc           10%        N/A       22%         3
 Call Canine Familiar     Summ           1%         N/A       56%         3
 Summon Guardian Golem    Hex/Summ       1%         N/A       56%         3
 Manifold Assault         Tloc           10%        N/A       91%         5


Dungeon Overview and Level Annotations

Branches:
Dungeon (4/15)
 Temple: D:4-7

Altars:
Cheibriados
Gozag
Uskayaw
Wu Jian
Zin

Annotations:
D:2 1 runed translucent door, Crazy Yiuf


Innate Abilities, Weirdness & Mutations

You regenerate magic rapidly.
You have a small tail.


Message History

You hit the orc.
Your tail-slap misses the orc.
The orc is heavily wounded.
You feel sick. The orc misses you.
You hit the orc but do no damage.
The orc is heavily wounded.
You feel sick. The orc misses you.
You are too injured to fight recklessly!
You are too injured to fight recklessly!
You are too injured to fight recklessly!
You are too injured to fight recklessly!
You are too injured to fight recklessly!
You are too injured to fight recklessly!
You are too injured to fight recklessly!
You are too injured to fight recklessly!
You closely miss the orc.
Your tail-slap misses the orc.
The orc is moderately wounded.
You feel sick.
The orc hits you with a +1 whip of venom.
You are more poisoned.
You hit the orc but do no damage.
The orc is moderately wounded.
You feel very sick.
The orc hits you with a +1 whip of venom.
You are lethally poisoned!
You closely miss the orc.
The orc is moderately wounded.
You feel very sick.
The orc hits you with a +1 whip of venom.
* * * LOW HITPOINT WARNING * * *
You are more poisoned.
You hit the orc but do no damage.
The orc is moderately wounded.
* * * LOW HITPOINT WARNING * * *
You feel extremely sick. The orc hits you but does no damage.
You are more poisoned.
Casting: Blink (safe; 12% risk of failure)
Confirm with . or Enter, or press ? or * to list all spells.
You blink.
You die...

... ... ... ..... .....
# ### ....##### #. ..#
[.......# #.. #.#
#.......# ###...#####.#
#.......#
.......@.##.####........
........o§.............#
.P.......##.###........#
..♣...##.##.##..)......#
..P♣.. #.##.###...######
≈≈ ... .....# ##.## ≈
..P ..#### #.# ≈... ####
#.# #.#


You could see an orc.

Vanquished Creatures
  A necrophage (D:4)
  A scorpion (D:4)
  A howler monkey (D:4)
  An orc priest (D:4)
  An iguana (D:4)
  A centaur skeleton (D:3)
  Robin (D:2)
  2 worms
  2 dart slugs
  3 orcs (D:4)
  5 bats
  4 endoplasms
  3 giant cockroaches
  12 goblins
  4 hobgoblins
  8 jackals
  2 quokkas
  6 ball pythons
  2 frilled lizards (D:2)
  7 kobolds
  7 rats
74 creatures vanquished.

Vanquished Creatures (others)
  3 plants (D:4)
3 creatures vanquished.

Grand Total: 77 creatures vanquished

Notes
Turn   | Place    | Note
-------+----------+-------------------------------------------
     0 | D:1      | frimble the Demonspawn Warper began the quest for the Orb.
     0 | D:1      | Reached XP level 1. HP: 16/16 MP: 3/3
   305 | D:1      | Gained mutation: You have a small tail. [demonic ancestry]
   305 | D:1      | Reached XP level 2. HP: 22/22 MP: 5/5
   631 | D:1      | Found a faded altar of an unknown god.
  1034 | D:2      | Found a runed translucent door.
  1035 | D:2      | Noticed Crazy Yiuf
  1472 | D:2      | Reached XP level 3. HP: 23/27 MP: 6/6
  1483 | D:2      | Learned a level 2 spell: Blink
  1640 | D:2      | Noticed Robin
  2329 | D:3      | Found an opulent altar of Gozag.
  2485 | D:3      | Reached XP level 4. HP: 33/33 MP: 7/7
  2772 | D:3      | Found a hide-covered altar of Uskayaw.
  3081 | D:3      | Found an ornate altar of the Wu Jian Council.
  3440 | D:2      | Killed Robin
  3877 | D:4      | Reached skill level 1 in Short Blades
  3912 | D:4      | Gained mutation: You regenerate magic rapidly. [demonic
                  | ancestry]
  3912 | D:4      | Reached XP level 5. HP: 15/38 MP: 8/8
  4555 | D:4      | Identified the +0 buckler "Orylen" {rF+}
  4593 | D:4      | Reached skill level 1 in Shields
  4593 | D:4      | Reached XP level 6. HP: 29/44 MP: 9/9
  4701 | D:4      | Found a snail-covered altar of Cheibriados.
  4901 | D:4      | Succumbed to an orc's poison

Illustrated notes

Levels and vault maps discovered:
D:1:      minmay_arrival_hallway, layout_basic,
          dilly_ecumenical_altar_fadedgnrine, minmay_tripent
D:2:      minmay_evil_eye, layout_rooms, uniq_crazy_yiuf_cottage, uniq_robin
D:3:      layout_loops_cross, grunt_gozag_breadcrumbs, lemuel_crystal_altar,
          nicolae_wu_jian_glorious_leap, mainiacjoe_overflow_brackets
D:4:      layout_loops_corners, nicolae_overflow_hidden_temple,
          serial_bayou_pond_a

Skill      XL: |  1  2  3  4  5 |
---------------+----------------+-----
Long Blades    | 2 3 |  3.9
Dodging        | 2 |  2.5
Short Blades   | 1 3 |  3.7
Shields        | 1 |  1.8
Fighting       | |  2.0
Throwing       | |  0.8
Armour         | |  0.8
Spellcasting   | |  2.0
Translocations | |  2.6

Action                   |  1- 3 |  4- 6 || total
-------------------------+-------+-------++-------
Melee: Falchion          |   123 |    61 ||   184
       Tailslap          |     8 |    21 ||    29
       Rapier            |       |    82 ||    82
Throw: Boomerang         |     2 |       ||     2
       Dart              |     3 |     2 ||     5
 Cast: Blink             |     1 |     4 ||     5
  Use: Scroll            |     5 |     4 ||     9
       Potion            |     1 |       ||     1
Armor: Leather armour    |    45 |    36 ||    81
Dodge: Dodged            |   103 |    97 ||   200

Table legend: (Time is in decaauts)
 A = Elapsed time spent in this place.
 B = Non-inter-level travel time spent in this place.
 C = Inter-level travel time spent in this place.
 D = Time resting spent in this place.
 E = Time spent auto-exploring this place.
 F = Levels seen in this place.
 G = Mean time per level.
                   A        B        C        D        E       F      G
               +--------+--------+--------+--------+--------+-----+--------+
         Total |   4922 |   4792 |    130 |    259 |   3860 |   4 | 1230.5 |
       Dungeon |   4922 |   4792 |    130 |    259 |   3860 |   4 | 1230.5 |
               +--------+--------+--------+--------+--------+-----+--------+

Top non-repeatable levels by time:
     D:3: 1784 daAuts
     D:4: 1236 daAuts
     D:2: 1137 daAuts
     D:1: 764 daAuts
